 Dungeon Crawl Stone Soup version 0.31-a0-971-g75a2e9a4b4 (webtiles) character file.

Game seed: 4175637694575432815

44 timneilson the Shield-Bearer (level 3, -1/23 HPs)
             Began as a Gargoyle Fighter on Oct 28, 2023.
             Slain by an adder (3 damage)
             ... on level 1 of the Dungeon.
             The game lasted 00:01:48 (964 turns).

timneilson the Shield-Bearer (Gargoyle Fighter)      Turns: 964, Time: 00:01:49

Health: -1/23      AC: 10    Str: 19    XL:     3   Next: 62%
Magic:  3/3        EV:  9    Int:  8    God:
Gold:   41         SH:  4    Dex: 11    Spells: 2/2 levels left

rFire   . . .        a - +0 long sword
rCold   . . .        c - +0 buckler
rNeg    + . .        b - +0 scale mail
rPois   ∞            (no helmet)
rElec   +            (no cloak)
rCorr   .            (no gloves)
SInv    .            (no boots)
Will    .....        (no amulet) Stlth
                     (no ring)
HPRegen 0.23/turn    (no ring)
MPRegen 0.08/turn

%: no passive effects
@: no status effects
A: sickness immunity, AC +3, negative energy resistance 1, electricity
resistance, torment resistance 1, petrification resistance
a: no special abilities


You were on level 1 of the Dungeon.
You visited 1 branch of the dungeon, and saw 2 of its levels.

You collected 41 gold pieces.

Inventory:

Hand Weapons
 a - a +0 long sword (weapon)
Armour
 b - a +0 scale mail (worn)
 c - a +0 buckler (worn)
 f - a +4 plate armour
Potions
 d - a potion of might


   Skills:
 + Level 3.5 Fighting
 * Level 2.3 Long Blades
 * Level 3.7 Armour
 + Level 0.5 Dodging
 * Level 3.8 Shields


You had 2 spell levels left.
You didn't know any spells.
Your spell library was empty.

Dungeon Overview and Level Annotations

Branches:
Dungeon (2/15)

Altars:


Innate Abilities, Weirdness & Mutations

You are immune to sickness and miasma.
Your stone body is resilient. (AC +3)
You are immune to poison.
You resist negative energy. (rN+)
You are resistant to electric shocks. (rElec)
You are resistant to unholy torment.
You are immune to petrification.


Message History

The adder bites you but does no damage.
Unknown command.
You hit the gnoll.
You kill the gnoll!
The adder bites you but does no damage.
Unknown command.
You closely miss the adder. The adder bites you.
* * * LOW HITPOINT WARNING * * *
The adder bites you.
* * * LOW HITPOINT WARNING * * *
Unknown command.
You hit the adder.
The adder is heavily wounded.
The adder bites you but does no damage. You block the adder's attack.
You barely miss the adder.
The adder is heavily wounded.
The adder bites you but does no damage.
You miss the adder.
The adder is heavily wounded.
The adder bites you but does no damage. x2
Unknown command.
You closely miss the adder.
The adder is heavily wounded.
The adder bites you.
* * * LOW HITPOINT WARNING * * *
The adder bites you but does no damage.
Unknown command.
You miss the adder.
The adder is heavily wounded.
The adder bites you but does no damage.
You hit the adder.
The adder is almost dead.
The adder closely misses you. The adder barely misses you.
You hit the adder.
The adder is almost dead.
The adder closely misses you.
You closely miss the adder.
The adder is almost dead.
The adder bites you.
You die...

#.##.##.######.### #.
#.##%#.#.#####.# #.
#.##..###......# #.
#......#.#####.#####.
#.##.................
#.############.#####.
#.# #.# #. #.########
#.# #. #..)@S...# #.#
#. #.######.# #.# #.
####.# #.# #.### ##
#(...# #.# #...#
#.#### #.# #####.####
#.# #.# #.........
#.# #.# #.###.####
###.### #.###.# #.#
#.....# #.....# #.#


You could see an adder.

Vanquished Creatures
  2 gnolls (D:1)
  A dart slug (D:1)
  2 bats
  4 endoplasms (D:1)
  A giant cockroach (D:1)
  4 hobgoblins (D:1)
  3 ball pythons (D:1)
  A frilled lizard (D:1)
  A kobold (D:1)
  4 rats (D:1)
23 creatures vanquished.

Notes
Turn   | Place    | Note
-------+----------+-------------------------------------------
     0 | D:1      | timneilson the Gargoyle Fighter began the quest for the
                  | Orb.
     0 | D:1      | Reached XP level 1. HP: 14/14 MP: 1/1
   230 | D:1      | Reached XP level 2. HP: 12/19 MP: 2/2
   918 | D:2      | Reached XP level 3. HP: 23/23 MP: 3/3
   960 | D:1      | HP: 1/23 [adder (3)]
   964 | D:1      | Slain by an adder

Illustrated notes

Levels and vault maps discovered:
D:1:      minmay_arrival_split_and_join, layout_loops_ring
D:2:      layout_rooms, serial_bayou_pond_e

Skill      XL: |  1 |
---------------+----+-----
Long Blades    | 2 |  2.3
Fighting       | |  3.5
Armour         | |  3.7
Dodging        | |  0.5
Shields        | |  3.8

Action                     || total
---------------------------++-------
  Melee: Long sword        ||    94
    Use: Scroll            ||     1
 Armour: Scale mail        ||    90
  Dodge: Dodged            ||    46
  Block: Buckler           ||    25

Table legend: (Time is in decaauts)
 A = Elapsed time spent in this place.
 B = Non-inter-level travel time spent in this place.
 C = Inter-level travel time spent in this place.
 D = Time resting spent in this place.
 E = Time spent auto-exploring this place.
 F = Levels seen in this place.
 G = Mean time per level.
                   A        B        C        D        E       F      G
               +--------+--------+--------+--------+--------+-----+--------+
         Total |    995 |    967 |     28 |      0 |    734 |   2 |  497.5 |
       Dungeon |    995 |    967 |     28 |      0 |    734 |   2 |  497.5 |
               +--------+--------+--------+--------+--------+-----+--------+

Top non-repeatable levels by time:
     D:1: 970 daAuts
     D:2: 25 daAuts
